 Dungeon Crawl Stone Soup version 0.29-a0-982-gaed3a0c8d8 (webtiles) character file.

Game seed: 13821814882033564094

13511 SkeletonJelly the Skirmisher (level 11, -3/53 HPs)
             Began as a Spriggan Hunter on Aug 1, 2022.
             Was an Elder of Fedhas.
             Slain by a meliai
             ... wielding a +0 hand axe
              (6 damage)
             ... on level 12 of the Dungeon.
             The game lasted 00:37:35 (14281 turns).

SkeletonJelly the Skirmisher (Spriggan Hunter)     Turns: 14281, Time: 00:37:35

Health: -3/53      AC:  5    Str:  7    XL:     11   Next: 76%
Magic:  19/19      EV: 24    Int: 18    God:    Fedhas [****..]
Gold:   929        SH:  0    Dex: 22    Spells: 10/10 levels left

rFire   + . .      SeeInvis +   a - +2 shortbow (freeze)
rCold   + . .      Faith    .   (shield currently unavailable)
rNeg    + . .      Spirit   .   A - +0 steam dragon scales
rPois   .          Reflect  .   (helmet restricted)
rElec   .          Harm     .   u - scarf {rC+ rF+}
rCorr   .          Rampage  .   (gloves unavailable)
Will    +....                   (boots unavailable)
Stlth   ++++......              (no amulet)
HPRegen 0.17/turn               z - ring of positive energy
MPRegen 0.16/turn               t - +6 ring of intelligence

@: about to teleport, on berserk cooldown, slowed, quick
A: very small, no large weapons, unfitting armour, see invisible, speed 3
a: Renounce Religion, Wall of Briars, Grow Ballistomycete, Overgrow


You were on level 12 of the Dungeon.
You worshipped Fedhas.
Fedhas was greatly pleased with you.
You visited 2 branches of the dungeon, and saw 13 of its levels.

You collected 929 gold pieces.

Inventory:

Hand Weapons
 a - a +2 shortbow of freezing (weapon)
 b - the +9 lance "Wyrmbane" {slay drac, rPois rF+ rC+ AC+3}
   (You took it off Maggie on level 6 of the Dungeon)

   It inflicts extra damage against dragons and draconians.
   AC:        It affects your AC (+3).
   rF:        It protects you from fire.
   rC:        It protects you from cold.
   rPois:     It protects you from poison.
 p - a +0 whip of flaming
Missiles
 m - 4 throwing nets
 G - 8 poisoned darts
 M - a curare-tipped dart
Armour
 c - a +0 robe
 u - a scarf of resistance (worn)
 A - +0 steam dragon scales (worn)
Jewellery
 t - a +6 ring of intelligence (right hand)
 x - a ring of ice
 z - a ring of positive energy (left hand)
 H - a ring of positive energy
 K - an amulet of faith
Wands
 w - a wand of iceblast (1)
 C - a wand of polymorph (8)
 N - a wand of mindburst (5)
Scrolls
 d - a scroll of teleportation
 f - 2 scrolls of noise
 h - 10 scrolls of identify
 i - a scroll of poison
 j - a scroll of silence
 q - 2 scrolls of enchant armour {unknown}
 v - 4 scrolls of fear {unknown}
 y - a scroll of vulnerability {unknown}
 B - 4 scrolls of blinking {unknown}
 E - 2 scrolls of summoning {unknown}
 J - a scroll of amnesia {unknown}
 L - 2 scrolls of magic mapping {unknown}
 O - a scroll of torment {unknown}
 P - a scroll of butterflies {unknown}
Potions
 e - 3 potions of flight
 g - a potion of ambrosia
 k - 5 potions of mutation
 l - 7 potions of curing
 o - a potion of attraction
 r - 2 potions of brilliance
 s - a potion of haste
 D - a potion of might {unknown}
 F - a potion of berserk rage
 I - a potion of lignification {unknown}
 Q - a potion of cancellation {unknown}


   Skills:
 - Level 4.0 Fighting
 - Level 13.3 Ranged Weapons
 - Level 4.0 Armour
 - Level 8.0 Dodging
 - Level 6.0 Stealth
 + Level 10.4 Invocations


You had 10 spell levels left.
You didn't know any spells.
Your spell library contained the following spells:

 Spells                   Type           Power      Damage    Failure   Level
 Sandblast                Erth           0%         2d4       22%         1
 Summon Small Mammal      Summ           0%         N/A       22%         1
 Ensorcelled Hibernation  Hex/Ice        0%         N/A       32%         2
 Passwall                 Tmut/Erth      0%         N/A       32%         2
 Static Discharge         Conj/Air       0%         3-3/arc   32%         2
 Call Canine Familiar     Summ           0%         N/A       54%         3
 Inner Flame              Hex/Fire       0%         N/A       54%         3
 Stone Arrow              Conj/Erth      0%         3d7       54%         3
 Summon Guardian Golem    Hex/Summ       0%         N/A       54%         3
 Swiftness                Air            0%         N/A       54%         3
 Cause Fear               Hex            0%         N/A       91%         4
 Dispel Undead            Necr           0%         3d6       91%         4
 Sticky Flame             Conj/Fire      0%         2d3       91%         4
 Discord                  Hex            0%         N/A       100%        8


Dungeon Overview and Level Annotations

Branches:
Dungeon (12/15)            Temple (1/1) D:6            Lair (0/5) D:9
    Orc: D:9-12

Altars:
Ashenzari
Cheibriados
Dithmenos
Elyvilon
Fedhas
Gozag
Hepliaklqana
Kikubaaqudgha
Makhleb
Nemelex Xobeh
Okawaru
Qazlal
Ru
Sif Muna
Trog
Uskayaw
Vehumet
Wu Jian
Xom
Yredelemnul
Zin
The Shining One

Shops:
D:6 :   D:9 [   D:11 [

Annotations:
D:3 2 transporters, chamandro's ghost, amateur MfGl
D:6 1 runed translucent door, Yogidamonk's ghost, novice MiBe
D:8 2 transporters, greenreed's ghost, novice MiFi
D:11 Grum


Innate Abilities, Weirdness & Mutations

You are very small and have problems with some larger weapons.
You are too small for most types of armour.
You have supernaturally acute eyesight. (SInv)
You cover ground extremely quickly. (Speed+++)


Message History

You feel sick. The killer bee stings you.
* * * LOW HITPOINT WARNING * * *
The killer bee stings your briar patch.
You take 4 damage, and have 8/53 hp.
Fire: a) +2 shortbow (freeze)
Press: ? - help, Q - select action, (/) - cycle Shift-Dir - straight line, f/p - killer bee
Aim: a killer bee (ally target, 52% to hit)
You shoot an arrow. The arrow barely misses the killer bee.
You feel sick.
The killer bee stings your briar patch but does no damage.
The killer bee stings you but does no damage.
The killer bee stings your briar patch! The killer bee misses you.
You take 1 damage, and have 7/53 hp.
You feel better. The killer bee stings your briar patch.
The killer bee misses you.
The killer bee is struck by your briar patch's thorns.
The killer bee stings your briar patch but does no damage.
The killer bee completely misses you.
You regained 9 hp, and now have 16/53 hp.
Fire: a) +2 shortbow (freeze)
Press: ? - help, Q - select action, (/) - cycle Shift-Dir - straight line, f/p - killer bee
Aim: a killer bee (ally target, 52% to hit)
You shoot an arrow. The arrow hits the killer bee!
The arrow freezes the killer bee.
You kill the killer bee!
Fedhas appreciates your contribution to the ecosystem.
Fire: a) +2 shortbow (freeze)
Press: ? - help, Q - select action, (/) - cycle Shift-Dir - straight line, f - killer bee
Aim: a killer bee (heavily wounded, ally target, 52% to hit)
You shoot an arrow.
The arrow completely misses the killer bee.
The killer bee stings you!
* * * LOW HITPOINT WARNING * * *
You are poisoned.
The killer bee poisons you! The killer bee completely misses you.
You take 7 damage, and have 9/53 hp.
Fire: a) +2 shortbow (freeze)
Press: ? - help, Q - select action, (/) - cycle Shift-Dir - straight line, f/p - killer bee
Aim: a killer bee (heavily wounded, ally target, 52% to hit)
You shoot an arrow. The arrow misses the killer bee.
You feel sick. The killer bee completely misses you.
The killer bee barely misses you.
You take 2 damage, and have 7/53 hp.
Fire: a) +2 shortbow (freeze)
Press: ? - help, Q - select action, (/) - cycle Shift-Dir - straight line, f/p - killer bee
Aim: a killer bee (heavily wounded, ally target, 52% to hit)
You shoot an arrow. The arrow hits the killer bee.
The arrow freezes the killer bee.
You kill the killer bee!
Fedhas appreciates your contribution to the ecosystem.
You feel sick.
You feel sick.
You feel sick.
You feel sick.
You feel sick.
You are no longer poisoned.
A meliai comes into view. It is wielding a +0 hand axe.
You take 3 damage, and have 4/53 hp.
MP restored: 19
Okay, then.
It was a potion of berserk rage.
A red film seems to cover your vision as you go berserk!
You feel yourself moving faster!
You feel mighty!
You now have 6/79 hp.
You feel a strong urge to attack something.
Your briar patch disappears in a puff of smoke!
You feel your anger nearly subside.
Your briar patch disappears in a puff of smoke!
You are no longer berserk.
You are exhausted.
You feel yourself slow down. The meliai hits you but does no damage.
The meliai hits your briar patch with a +0 hand axe. x2
The meliai hits your briar patch but does no damage.
The meliai barely misses you.
You now have 4/53 hp.
It was a potion of heal wounds.
You feel much better. The meliai misses you.
The meliai hits your briar patch but does no damage.
The meliai hits your briar patch with a +0 hand axe!
Your briar patch is destroyed!
Your briar patch disappears in a puff of smoke!
The meliai hits your briar patch with a +0 hand axe.
The meliai closely misses you. The meliai completely misses you.
The meliai hits your briar patch with a +0 hand axe. x2
The meliai misses you. The meliai hits you with a +0 hand axe!
* * * LOW HITPOINT WARNING * * *
The meliai hits your briar patch with a +0 hand axe. x2
The meliai stings you.
* * * LOW HITPOINT WARNING * * *
You regained 3 hp, and now have 7/53 hp.
Okay, then.
Okay, then.
As you read the scroll of teleportation, it crumbles to dust.
You feel strangely unstable.
Your briar patch disappears in a puff of smoke!
The meliai hits you with a +0 hand axe.
* * * LOW HITPOINT WARNING * * *
The meliai hits your briar patch with a +0 hand axe.
The meliai closely misses you. The meliai hits you with a +0 hand axe.
You die...
Fedhas appreciates your contribution to the ecosystem.

#...............#
#..§............#
#...............#
###+#...§....y....†.#
#.......##'####'###......
#.......#...).....# .y...
#.......#§.......## #.##
#.......#.y†.....# y#
#.......#@§P.....# #
#.......##########
#########


You could see a meliai (ally target).

Vanquished Creatures
  A boulder beetle (D:9)
  A two-headed ogre (D:10)
  A wizard (D:12)
  2 cyclopes
  A manticore (D:11)
  A gargoyle (D:11)
  Maggie (D:6)
  2 unseen horrors
  A troll (D:11)
  A hornet (D:8)
  3 dream sheep (D:11)
  Grinder (D:3)
  A wraith (D:11)
  A wyvern (D:9)
  A basilisk (D:8)
  17 yaks (D:10)
  2 steam dragons
  3 vampire mosquitoes
  Menkaure (D:7)
  2 acid dragons
  3 ice beasts
  2 orc warriors (D:10)
  3 black bears
  2 ogres (D:5)
  2 wolves
  2 centaurs
  A phantom (D:7)
  2 kobold brigands (D:9)
  4 bullfrogs
  2 gnoll sergeants
  2 scorpions
  14 wights
  14 killer bees
  A howler monkey (D:4)
  2 jellies
  4 orc priests
  4 hounds
  4 gnoll boudas
  2 iguanas
  Ijyb (D:3)
  3 orc wizards
  31 gnolls
  6 adders
  4 white imps
  An ufetubus (D:7)
  4 worms
  A dart slug (D:1)
  21 orcs
  4 endoplasms
  3 giant cockroaches
  7 goblins
  6 hobgoblins
  9 jackals
  4 quokkas
  3 ball pythons (D:2)
  4 bats
  2 frilled lizards
  14 kobolds
  9 rats
251 creatures vanquished.

Vanquished Creatures (collateral kills)
  5 killer bees (D:12)
5 creatures vanquished.

Vanquished Creatures (others)
  A fungus (D:9)
  2 plants (D:9)
3 creatures vanquished.

Grand Total: 259 creatures vanquished

Notes
Turn   | Place    | Note
-------+----------+-------------------------------------------
     0 | D:1      | SkeletonJelly the Spriggan Hunter began the quest for the
                  | Orb.
     0 | D:1      | Reached XP level 1. HP: 10/10 MP: 2/2
   326 | D:1      | Reached XP level 2. HP: 14/14 MP: 3/3
  1233 | D:2      | Reached XP level 3. HP: 15/18 MP: 4/4
  1361 | D:2      | Found a faded altar of an unknown god.
  1520 | D:2      | Reached skill level 5 in Ranged Weapons
  2020 | D:3      | Noticed Grinder
  2081 | D:3      | Noticed Ijyb
  2334 | D:4      | Reached XP level 4. HP: 22/22 MP: 5/5
  2464 | D:4      | Reached skill level 6 in Ranged Weapons
  2464 | D:4      | Reached XP level 5. HP: 19/25 MP: 6/6
  2977 | D:4      | Reached skill level 5 in Stealth
  3098 | D:4      | Reached XP level 6. HP: 24/30 MP: 7/7
  3390 | D:5      | Entered Level 5 of the Dungeon
  3406 | D:5      | Reached skill level 7 in Ranged Weapons
  3719 | D:5      | Reached XP level 7. HP: 33/33 MP: 8/8
  3990 | D:5      | Reached skill level 8 in Ranged Weapons
  4656 | D:6      | Noticed Maggie
  4865 | D:3      | Reached skill level 9 in Ranged Weapons
  4903 | D:3      | Killed Ijyb
  5176 | D:3      | Found a transporter.
  5179 | D:3      | Found a transporter.
  5180 | D:3      | Noticed chamandro's ghost (amateur MfGl)
  5188 | D:3      | Killed Grinder
  5189 | D:3      | Reached XP level 8. HP: 37/37 MP: 9/9
  5551 | D:6      | Reached skill level 10 in Ranged Weapons
  5658 | D:6      | Killed Maggie
  5659 | D:6      | Found a broken altar of Ashenzari.
  5659 | D:6      | Found a snail-covered altar of Cheibriados.
  5659 | D:6      | Found an iron altar of Okawaru.
  5859 | D:6      | Reached skill level 11 in Ranged Weapons
  6404 | D:6      | Found a hide-covered altar of Uskayaw.
  6406 | D:6      | Found a shadowy altar of Dithmenos.
  6407 | D:6      | Found a radiant altar of Vehumet.
  6419 | D:6      | Upgraded the game from 0.29-a0-973-gac7da5f7f0 to
                  | 0.29-a0-982-gaed3a0c8d8
  6422 | D:6      | Found a stormy altar of Qazlal.
  6426 | D:6      | Found an ancient bone altar of Kikubaaqudgha.
  6427 | D:6      | Found a basalt altar of Yredelemnul.
  6525 | D:6      | Found a blossoming altar of Fedhas.
  6536 | D:6      | Became a worshipper of Fedhas Madash
  6654 | D:6      | Found a staircase to the Ecumenical Temple.
  7134 | D:6      | Found Isaich's Self-Improvement Boutique.
  7169 | D:6      | Reached XP level 9. HP: 41/41 MP: 10/10
  7229 | D:6      | Found a runed translucent door.
  7230 | D:6      | Noticed Yogidamonk's ghost (novice MiBe)
  7335 | Temple   | Entered the Ecumenical Temple
  7596 | D:7      | Reached skill level 12 in Ranged Weapons
  7652 | D:7      | Noticed Menkaure
  7656 | D:7      | Killed Menkaure
  7657 | D:7      | Reached skill level 1 in Armour
  7712 | D:7      | Reached * piety under Fedhas
  8216 | D:8      | Found a transporter.
  8222 | D:8      | Found a transporter.
  8478 | D:8      | Reached skill level 5 in Dodging
  8933 | D:8      | Noticed a moth of wrath
  8934 | D:8      | Found a bloodstained altar of Trog.
  8948 | D:8      | Noticed greenreed's ghost (novice MiFi)
  9808 | D:7      | Reached ** piety under Fedhas
 10157 | D:9      | Found Attosk's Antique Armour Emporium.
 10180 | D:9      | Noticed an unseen horror
 10187 | D:9      | Killed an unseen horror
 10188 | D:9      | Reached XP level 10. HP: 37/47 MP: 11/11
 11034 | D:9      | Found a staircase to the Lair.
 11103 | D:9      | Noticed a boulder beetle
 11311 | D:9      | Noticed an elephant
 11679 | D:9      | Killed a boulder beetle
 11968 | D:10     | Entered Level 10 of the Dungeon
 12014 | D:10     | Noticed a two-headed ogre
 12026 | D:10     | Killed a two-headed ogre
 12027 | D:10     | Reached skill level 13 in Ranged Weapons
 12050 | D:10     | Noticed a cyclops
 12063 | D:10     | Killed a cyclops
 12284 | D:10     | Reached *** piety under Fedhas
 12299 | D:10     | Reached skill level 5 in Invocations
 12299 | D:10     | Reached XP level 11. HP: 53/53 MP: 15/15
 12766 | D:10     | Noticed a deep elf pyromancer
 12767 | D:10     | Noticed a purple ugly thing
 13571 | D:11     | Found Unka's Antique Armour Emporium.
 13656 | D:11     | Noticed Grum
 14208 | D:12     | Noticed a wizard
 14213 | D:12     | Killed a wizard
 14214 | D:12     | Reached skill level 10 in Invocations
 14259 | D:12     | Reached **** piety under Fedhas
 14281 | D:12     | Slain by a meliai

Illustrated notes

Levels and vault maps discovered:
D:1:      elethiomel_arrival_shortcut, layout_basic, grunt_decor_junction
D:2:      layout_basic, shapermc_ecumenical_altar_flowoftime
D:3:      layout_loops_cross, gammafunk_ghost_mausoleum, serial_bayou_pond_c,
          grunt_decor_arrowhead, minivault_11, minmay_door_square, uniq_grinder,
          uniq_ijyb
D:4:      layout_loops_ring
D:5:      layout_cave_pools
D:6:      layout_basic, nicolae_overflow_hallway_of_the_gods,
          fedhas_bush_and_centaur_altar, minmay_temple_entry_junction,
          ebering_ghost_reflecting_pool, nicolae_shop_self_help, uniq_maggie
D:7:      layout_cave_pools, uniq_menkaure
D:8:      layout_basic, gammafunk_ghost_wrathful_warriors,
          kennysheep_generic_room_11
D:9:      layout_layer_cave, david_lair_generic, serial_shops, shop
D:10:     layout_irregular_city, lightli_corner_chamber
D:11:     layout_long_grid, serial_shops, nicolae_shop_stone,
          dreamdust_gnoll_shepherd, uniq_grum
D:12:     layout_gridville, minmay_orc_entry_guard_dogs, special_room
          [special_room_bee], kennysheep_orc_sif_temple
Temple:   hc_temple_tempest_star

Skill      XL: |  1  2  3  4  5  6  7  8  9 10 11 |
---------------+----------------------------------+-----
Stealth        | 2 3 4 5 6 |  6.0
Ranged Weapons | 5 6 7 9 11 12 13 | 13.3
Armour         | 4 |  4.0
Dodging        | 8 |  8.0
Fighting       | 2 4 |  4.0
Invocations    | 5 10 | 10.4

Action                   |  1- 3 |  4- 6 |  7- 9 | 10-12 || total
-------------------------+-------+-------+-------+-------++-------
 Fire: Shortbow          |   121 |   114 |   422 |   392 ||  1049
Invok: Wall of Briars    |       |       |       |     6 ||     6
Evoke: Wand              |       |       |     6 |     5 ||    11
  Use: Scroll            |       |       |    17 |     1 ||    18
       Potion            |       |       |     1 |     3 ||     4
Armor: Robe              |     6 |     2 |     4 |       ||    12
       Steam dragon scal |       |       |    15 |     8 ||    23
Dodge: Dodged            |    35 |    19 |   134 |   135 ||   323

Table legend: (Time is in decaauts)
 A = Elapsed time spent in this place.
 B = Non-inter-level travel time spent in this place.
 C = Inter-level travel time spent in this place.
 D = Time resting spent in this place.
 E = Time spent auto-exploring this place.
 F = Levels seen in this place.
 G = Mean time per level.
                   A        B        C        D        E       F      G
               +--------+--------+--------+--------+--------+-----+--------+
         Total |  10752 |   9944 |    808 |    193 |   7722 |  13 |  827.1 |
       Dungeon |  10631 |   9831 |    800 |    193 |   7616 |  12 |  885.9 |
        Temple |    121 |    114 |      7 |      0 |    105 |   1 |  121.0 |
               +--------+--------+--------+--------+--------+-----+--------+

Top non-repeatable levels by time:
     D:5: 1594 daAuts
     D:8: 1536 daAuts
     D:4: 1142 daAuts
    D:10: 1111 daAuts
     D:9: 1008 daAuts
     D:7: 837 daAuts
     D:1: 783 daAuts
     D:6: 780 daAuts
     D:2: 640 daAuts
     D:3: 637 daAuts
    D:11: 454 daAuts
  Temple: 121 daAuts
    D:12: 104 daAuts
